 Dungeon Crawl Stone Soup version 0.19.1-1-g22dce08 (webtiles) character file.

10 Peloso the Skirmisher (level 2, -1/26 HPs)
             Began as a Ghoul Fighter on Jan 5, 2017.
             Slain by a worm (8 damage)
             ... on level 2 of the Dungeon.
             The game lasted 00:01:15 (906 turns).

Peloso the Skirmisher (Ghoul Fighter)                Turns: 906, Time: 00:01:16

Health: -1/26      AC:  6    Str: 19    XL:     2   Next: 20%
Magic:  1/1        EV: 12    Int:  3    God:
Gold:   115        SH:  9    Dex: 13    Spells: 0 memorised, 1 level left

rFire  . . .     SeeInvis .     a - +0 long sword
rCold  + . .     Gourm    .     b - +0 scale mail
rNeg   + + +     Faith    .     c - +0 shield
rPois  ∞         Spirit   .     (no helmet)
rElec  .         Reflect  .     (no cloak)
rCorr  .         Harm     .     (no gloves)
MR     .....                    (no boots)
Stlth  +.........               (no amulet)
                                (no ring)
                                (no ring)

@: agile, very slightly contaminated, rotting
A: rotting body, claws 1, carnivore 3, cold resistance 1, negative energy
resistance 3, slow regeneration 1, torment resistance, unbreathing
a: no special abilities


You were on level 2 of the Dungeon.
You were not hungry.

You visited 1 branch of the dungeon, and saw 2 of its levels.

You collected 115 gold pieces.

Inventory:

Hand Weapons
 a - a +0 long sword (weapon)
Armour
 b - a +0 scale mail (worn)
 c - a +0 shield (worn)
Scrolls
 j - a scroll of enchant armour {unknown}
 m - a scroll of fear {unknown}
 n - a scroll of immolation {unknown}
Potions
 d - a potion of might
Comestibles
 f - 2 meat rations
 o - a chunk of flesh


   Skills:
 + Level 3.5 Fighting
 + Level 2.0 Long Blades
 + Level 2.8 Armour
 + Level 0.1 Dodging
 + Level 2.8 Shields


You had one spell level left.
You didn't know any spells.

Dungeon Overview and Level Annotations

Branches:
Dungeon (2/15)

Altars:


Innate Abilities, Weirdness & Mutations

Your body is rotting away.
You thrive on raw meat.
You are immune to poison.
You have sharp fingernails.
You are carnivorous and can eat meat at any time.
Your flesh is cold resistant. (rC+)
You are immune to negative energy. (rN+++)
You regenerate slowly when monsters are visible.
You are immune to unholy pain and torment.
You can survive without breathing.


Message History

You completely miss the worm.
The worm is lightly wounded.
The goblin hits you but does no damage. The worm bites you!
You hit the worm but do no damage. The goblin hits you with a club.
The worm bites you!
* * * LOW HITPOINT WARNING * * *
You slash the worm!
The worm is moderately wounded.
You block the goblin's attack.
You barely miss the worm.
The worm is moderately wounded.
The goblin barely misses you. You block the worm's attack.
The goblin hits you but does no damage.
You hit the worm but do no damage.
The worm is moderately wounded.
The goblin hits you but does no damage. You block the worm's attack.
You hit the worm.
The worm is heavily wounded.
The goblin barely misses you. The worm bites you!
You die...

*,* *,*,*,** *,* *,* #.#*,**
**+** *,* #.#*** **,,,** * *,*
##.## **,,,,,*** **,** #...##
**,,,,,,,*,
**,,,*******###....####,,,,,,,,,,
,,,,,,,,,,,,,........^+,,,,,,,,,,
**,,,*******###wg..##**,,,,,,,,,,
**,** #...@...# **,>,,,,,*, *,*
#.#.###.# **,,,,,*** **,* #.#.#
*,* **,,,** * *,,* #.#.#**,*
**+** * *,** #.#..,,,*******,* *
*,* #.###,,,,,,,,,*,* * *,*
#.*,,,,,,,,,,,*,** **,*
#.*,*,,,**,*,,,,,**** ,,,*
*,,,,,,,*,,,,,,,,,,,,


You could see a worm and a goblin.

Vanquished Creatures
  A leopard gecko (D:1)
  A hobgoblin (D:1)
  2 bats (D:1)
  A frilled lizard (D:1)
  2 kobolds
  4 rats (D:1)
11 creatures vanquished.

Notes
Turn   | Place    | Note
-------+----------+-------------------------------------------
     0 | D:1      | Peloso the Ghoul Fighter began the quest for the Orb.
     0 | D:1      | Reached XP level 1. HP: 19/19 MP: 0/0
   668 | D:1      | Reached XP level 2. HP: 23/25 MP: 1/1
   906 | D:2      | Slain by a worm

Skill      XL: |  1 |
---------------+----+-----
Long Blades    | 2 |  2.0
Fighting       | |  3.5
Armour         | |  2.8
Dodging        | |  0.1
Shields        | |  2.8

Action                   || total
-------------------------++-------
Melee: Long sword        ||    42
  Use: Scroll            ||     4
       Potion            ||     2
  Eat: Chunk             ||     2
Armor: Scale mail        ||    29
Dodge: Dodged            ||    23
Block: Shield            ||    31
       Rpst.: Long sword ||     7
